 Dungeon Crawl Stone Soup version 0.32-a0-695-g7accb7e (webtiles) character file.

Game seed: 9786291799030786136

75 Toastz the Shooter (level 4, 0/28 HPs)
             Began as a Gargoyle Hunter on Mar 12, 2024.
             Slain by a cerulean imp
             ... wielding a +4 spear
             ... summoned by Natasha
              (6 damage)
             ... on level 2 of the Dungeon.
             The game lasted 00:02:03 (1158 turns).

Toastz the Shooter (Gargoyle Hunter)                Turns: 1158, Time: 00:02:04

Health: 0/28       AC:  6    Str: 15    XL:     4   Next: 31%
Magic:  4/4        EV: 11    Int:  9    God:
Gold:   91         SH:  0    Dex: 15    Spells: 3/3 levels left

rFire   . . .        a - +0 shortbow
rCold   . . .        (shield currently unavailable)
rNeg    + . .        c - +0 leather armour
rPois   ∞            (no helmet)
rElec   +            (no cloak)
rCorr   .            (no gloves)
SInv    .            (no boots)
Will    .....        l - amulet of the acrobat
Stlth   ++           (no ring)
HPRegen 0.24/turn    (no ring)
MPRegen 0.09/turn

%: acrobat
@: no status effects
A: sickness immunity, AC +3, negative energy resistance 1, electricity
resistance, torment resistance 1, petrification resistance
a: no special abilities


You were on level 2 of the Dungeon.
You visited 1 branch of the dungeon, and saw 2 of its levels.

You collected 91 gold pieces.

Inventory:

Hand Weapons
 a - a +0 shortbow (weapon)
Missiles
 i - 3 poisoned darts
Armour
 c - a +0 leather armour (worn)
 e - a +0 ring mail
Jewellery
 l - an amulet of the acrobat (around neck)
Scrolls
 b - a scroll of butterflies
 d - a scroll of noise {unknown}
 f - 2 scrolls of identify {unknown}
 h - a scroll of enchant weapon {unknown}
 k - a scroll of amnesia {unknown}
 m - a scroll of immolation {unknown}
 n - a scroll of vulnerability {unknown}
Potions
 g - a potion of enlightenment {unknown}
 j - a potion of haste {unknown}


   Skills:
 + Level 3.0 Fighting
 * Level 4.9 Ranged Weapons
 + Level 1.8 Armour
 - Level 1.5 Dodging
 - Level 1.1 Stealth


You had 3 spell levels left.
You didn't know any spells.
Your spell library contained the following spells:

 Spells                   Type           Power      Damage    Failure   Level
 Kiss of Death            Conj/Necr      0%         2d5       45%         1
 Shock                    Conj/Air       0%         1d3       45%         1
 Confusing Touch          Hex            0%         N/A       83%         3
 Swiftness                Air            0%         N/A       83%         3
 Airstrike                Air            0%         2d(0-16)  99%         4
 Dispel Undead            Necr           0%         3d6       99%         4


Dungeon Overview and Level Annotations

Branches:
Dungeon (2/15)

Altars:

Annotations:
D:2 Natasha


Innate Abilities, Weirdness & Mutations

You are immune to sickness and miasma.
Your stone body is resilient. (AC +3)
You are immune to poison.
You resist negative energy. (rN+)
You are resistant to electric shocks. (rElec)
You are resistant to unholy torment.
You are immune to petrification.


Message History

Press: ? - help, Q - select action, (/) - cycle Shift-Dir - straight line, f/p - Natasha
Aim: Natasha (55% to hit)
You shoot an arrow. The arrow hits Natasha.
Natasha is moderately wounded.
Natasha casts a spell.
Natasha barely misses you.
Fire: a) +0 shortbow
Press: ? - help, Q - select action, (/) - cycle Shift-Dir - straight line, f/p - Natasha
Aim: Natasha (moderately wounded, 55% to hit)
You shoot an arrow. The arrow hits Natasha.
Natasha is severely wounded.
Natasha barely misses you.
Fire: a) +0 shortbow
Press: ? - help, Q - select action, (/) - cycle Shift-Dir - straight line, f/p - Natasha
Aim: Natasha (severely wounded, 55% to hit)
You shoot an arrow. The arrow closely misses Natasha.
The cerulean imp hits you but does no damage.
Natasha claws you.
Fire: a) +0 shortbow
Press: ? - help, Q - select action, (/) - cycle Shift-Dir - straight line, f/p - Natasha
Aim: Natasha (severely wounded, 55% to hit)
You shoot an arrow. The arrow barely misses Natasha.
The cerulean imp hits you but does no damage.
Natasha claws you.
Fire: a) +0 shortbow
Press: ? - help, Q - select action, (/) - cycle Shift-Dir - straight line, f/p - Natasha
Aim: Natasha (severely wounded, 55% to hit)
You shoot an arrow. The arrow closely misses Natasha.
The cerulean imp hits you from afar with a +4 spear.
* * * LOW HITPOINT WARNING * * *
Natasha mumbles some strange words.
The cerulean imp closely misses you.
Fire: a) +0 shortbow
Press: ? - help, Q - select action, (/) - cycle Shift-Dir - straight line, f/p - Natasha
Aim: Natasha (severely wounded, 55% to hit)
You shoot an arrow. The arrow hits Natasha.
Natasha is severely wounded.
Natasha mumbles some strange words.
The cerulean imp hits you from afar with a +4 spear.
You die...

#......#.# ..
...##..##†.#.# #.
.............# ..
#.##.#.#..### #.
.##.#.#..# # #.
#.##......# ##5#.
####.####.#.##
#..5.##.........#.#
#..5h@...#.##.###.#
#....##.##.##.....####
####.......###.......#
###...### #.......#
#...# #.#####.# #..†#
#.##..... # #...#
#.##.##.# ..
#...#####.##.##.# ...
#...............#


You could see Natasha and 3 cerulean imps.

Vanquished Creatures
  Natasha (D:2)
  An adder (D:2)
  A dart slug (D:2)
  6 endoplasms
  A giant cockroach (D:1)
  3 goblins
  5 hobgoblins
  5 jackals (D:1)
  A quokka (D:2)
  2 ball pythons
  3 bats
  3 frilled lizards
  3 kobolds (D:1)
  2 rats
37 creatures vanquished.

Notes
Turn   | Place    | Note
-------+----------+-------------------------------------------
     0 | D:1      | Toastz the Gargoyle Hunter began the quest for the Orb.
     0 | D:1      | Reached XP level 1. HP: 12/12 MP: 1/1
   280 | D:1      | Reached XP level 2. HP: 18/18 MP: 2/2
   282 | D:1      | You fall into a shaft and drop 1 floor!
   432 | D:2      | Reached skill level 1 in Armour
   443 | D:1      | Reached XP level 3. HP: 22/22 MP: 3/3
  1041 | D:2      | Noticed Natasha
  1046 | D:2      | Killed Natasha
  1047 | D:2      | Reached XP level 4. HP: 23/28 MP: 4/4
  1145 | D:2      | Noticed Natasha
  1158 | D:2      | Slain by a cerulean imp

Illustrated notes

Levels and vault maps discovered:
D:1:      ncdulo_lavacross, layout_basic, minmay_door_square, minmay_bisected
D:2:      layout_loops_cross, uniq_jessica, uniq_natasha, uniq_sigmund

Skill      XL: |  1  2  3 |
---------------+----------+-----
Armour         | 1 |  1.8
Fighting       | 3 |  3.0
Ranged Weapons | |  4.9
Dodging        | |  1.5
Stealth        | |  1.1

Action                     |  1- 3 |  4- 6 || total
---------------------------+-------+-------++-------
   Fire: Shortbow          |   123 |    27 ||   150
 Armour: Leather armour    |    42 |    11 ||    53
  Dodge: Dodged            |    28 |     5 ||    33

Table legend: (Time is in decaauts)
 A = Elapsed time spent in this place.
 B = Non-inter-level travel time spent in this place.
 C = Inter-level travel time spent in this place.
 D = Time resting spent in this place.
 E = Time spent auto-exploring this place.
 F = Levels seen in this place.
 G = Mean time per level.
                   A        B        C        D        E       F      G
               +--------+--------+--------+--------+--------+-----+--------+
         Total |   1190 |   1144 |     46 |      0 |    897 |   2 |  595.0 |
       Dungeon |   1190 |   1144 |     46 |      0 |    897 |   2 |  595.0 |
               +--------+--------+--------+--------+--------+-----+--------+

Top non-repeatable levels by time:
     D:1: 807 daAuts
     D:2: 383 daAuts
